 Dungeon Crawl Stone Soup version 0.22-a0-181-gb22368a (webtiles) character file.

63 Amnesiac the Magician (level 3, -6/24 HPs)
             Began as a Mummy Earth Elementalist on Feb 14, 2018.
             Killed by divine providence
             ... invoked by an orc priest
              (15 damage)
             ... on level 4 of the Dungeon.
             The game lasted 00:02:16 (786 turns).

Amnesiac the Magician (Mummy Earth Elementalist)     Turns: 786, Time: 00:02:16

Health: -6/24      AC:  2    Str: 11    XL:     3   Next: 87%
Magic:  1/7        EV: 12    Int: 15    God:
Gold:   61         SH:  0    Dex: 20    Spells: 5/8 levels left

rFire    x . .     SeeInvis +   j - +3 dagger of Duty {venom, rC- MR- Dex+8 SInv} (curse)
rCold    . . .     Gourm    .   (no shield)
rNeg     + + +     Faith    .   c - +0 robe
rPois    ∞         Spirit   .   (no helmet)
rElec    .         Reflect  .   (no cloak)
rCorr    .         Harm     .   (no gloves)
MR       .....                  (no boots)
Stlth    +++.......             (no amulet)
HPRegen  0.08/turn              a - ring of stealth
MPRegen  0.10/turn              (no ring)

@: about to teleport
A: no food or potions, fire vulnerability, cold resistance 1, negative energy
resistance 3, torment resistance, unbreathing
a: no special abilities


You were on level 4 of the Dungeon.
You were not hungry.

You visited 1 branch of the dungeon, and saw 4 of its levels.

You collected 61 gold pieces.

Inventory:

Hand Weapons
 e - a +0 dagger
 i - a +1 dagger of draining
 j - the cursed +3 dagger of Duty (weapon) {venom, rC- MR- Dex+8 SInv}
   (You found it on level 4 of the Dungeon)

   It poisons the flesh of those it strikes.
   It affects your dexterity (+8).
   It makes you vulnerable to cold.
   It affects your resistance to hostile enchantments.
   It lets you see invisible.
   It has a curse placed upon it.
Missiles
 b - 63 stones (quivered)
Armour
 c - a +0 robe (worn)
Jewellery
 a - a ring of stealth (left hand)
Wands
 g - a wand of iceblast (8)
Scrolls
 f - a scroll of teleportation {!r}
 h - a scroll of amnesia {!r, unknown}
Books
 d - a book of Geomancy

   Spells                             Type                      Level
   a - Sandblast                      Earth                        1
   b - Passwall                       Transmutation/Earth          2
   c - Stone Arrow                    Conjuration/Earth            3
   d - Petrify                        Transmutation/Earth          4
   e - Lee's Rapid Deconstruction     Earth                        5


   Skills:
 * Level 0.0 Short Blades
 - Level 1.5 Dodging
 + Level 1.9 Stealth
 + Level 3.3 Spellcasting
 - Level 1.2 Transmutations
 + Level 3.3 Earth Magic


You had 5 spell levels left.
You knew the following spells:

 Your Spells              Type           Power        Failure   Level  Hunger
a - Sandblast             Erth           ##....       4%          1    N/A
b - Passwall              Tmut/Erth      #.........   12%         2    N/A

Dungeon Overview and Level Annotations

Branches:
Dungeon (4/15)
 Temple: D:4-7

Altars:
Kikubaaqudgha


Innate Abilities, Weirdness & Mutations

You do not eat or drink.
Your flesh is vulnerable to fire.
You are immune to poison.
Your flesh is cold resistant. (rC+)
You are immune to negative energy. (rN+++)
You are immune to unholy pain and torment.
You can survive without breathing.


Message History

Unknown command.
Casting: Sandblast (safe; 5% risk of failure)
Confirm with . or Enter, or press ? or * to list all spells.
Aiming: Sandblast (safe; 5% risk of failure)
Press: ? - help, Shift-Dir - straight line, f/p - orc priest
Aim: an orc priest, wielding a morningstar (severely wounded)
The blast of sand hits the orc priest.
You kill the orc priest!
Your Transmutations skill increases to level 1!
b - 66 stones Unknown command.
Press: ? - help, v - describe, . - travel, g - get item
Here: an orc priest, wielding a club and wearing a scale mail A club.
The floor.
Unknown command.
Casting: Sandblast (safe; 4% risk of failure)
Confirm with . or Enter, or press ? or * to list all spells.
Aiming: Sandblast (safe; 4% risk of failure)
Press: ? - help, Shift-Dir - straight line, f - orc priest
Aim: an orc priest, wielding a club and wearing a scale mail The blast of sand misses the orc priest.
b - 65 stones Unknown command.
Casting: Sandblast (safe; 4% risk of failure)
Confirm with . or Enter, or press ? or * to list all spells.
Aiming: Sandblast (safe; 4% risk of failure)
Press: ? - help, Shift-Dir - straight line, f/p - orc priest
Aim: an orc priest, wielding a club and wearing a scale mail The blast of sand hits the orc priest.
b - 64 stones The orc wizard mumbles some strange words.
The orc wizard seems to speed up.
Unknown command.
Casting: Sandblast (safe; 4% risk of failure)
Confirm with . or Enter, or press ? or * to list all spells.
Aiming: Sandblast (safe; 4% risk of failure)
Press: ? - help, Shift-Dir - straight line, f/p - orc priest
Aim: an orc priest, wielding a club and wearing a scale mail The blast of sand hits the orc priest.
b - 63 stones The orc wizard hits you but does no damage.
The orc priest completely misses you.
The orc wizard hits you but does no damage.
Unknown command.
Unknown command.
The orc priest mumbles some strange prayers to Beogh against you.
Beogh smites you!
Ouch! That really hurt!
* * * LOW HITPOINT WARNING * * *
The orc wizard closely misses you.
Really read
f - 2 scrolls labeled DYH BEDGHOITU {!r}?
As you read the scroll labeled DYH BEDGHOITU {!r}, it crumbles to dust.
You feel strangely unstable.
It was a scroll of teleportation {!r}.
The orc wizard barely misses you. The orc wizard closely misses you.
You closely miss the orc wizard.
The orc wizard mumbles some strange words.
The orc wizard blinks!
You hit the orc priest but do no damage.
The orc priest calls down the wrath of Beogh upon you.
Beogh smites you!
Ouch! That really hurt!
You die...

#### ##._)## 8.)...#
...⌠.o# ..o.. ...###
####'###@## #.#..##.o.#
#.#.###.o.####
#.#..).).....#
#.#.#..........
#########.#.#........##
.......................
#########...###...##.##
# ##..# ##### .#


You could see an orc priest and an orc wizard.

Vanquished Creatures
  An orc priest (D:4)
  2 adders (D:4)
  A dart slug (D:1)
  A leopard gecko (D:3)
  3 orcs
  A goblin (D:2)
  A quokka (D:4)
10 creatures vanquished.

Notes
Turn   | Place    | Note
-------+----------+-------------------------------------------
     0 | D:1      | Amnesiac the Mummy Earth Elementalist began the quest for the Orb.
     0 | D:1      | Reached XP level 1. HP: 13/13 MP: 4/4
   114 | D:3      | Noticed an orc wizard
   114 | D:3      | Noticed an orc priest
   176 | D:3      | Reached XP level 2. HP: 19/19 MP: 1/5
   221 | D:3      | Learned a level 2 spell: Passwall
   285 | D:4      | Found Kerrudi's Antique Weapon Boutique.
   609 | D:4      | Reached XP level 3. HP: 24/24 MP: 7/7
   740 | D:4      | Got a bloodstained dagger
   765 | D:4      | Identified the cursed +3 dagger of Duty {venom, rC- MR- Dex+8 SInv} (You found it on level 4 of the Dungeon)
   769 | D:4      | Found an ancient bone altar of Kikubaaqudgha.
   778 | D:4      | Reached skill level 1 in Transmutations
   786 | D:4      | Killed from afar by an orc priest

Vault maps used:
D:1:      matt_arrival_diagonals
D:2:      mumra_celtic_spiral_tile, xom_teletrap_fun,
          nicolae_ashenzari_panopticon, chequers_ecumenical_altar_grove,
          fedhas_altar_3
D:4:      gammafunk_temple_overflow_pools, serial_shops, shop_fountains

Skill      XL: |  1  2  3 |
---------------+----------+-----
Spellcasting   | 3 |  3.3
Earth Magic    | 3 |  3.3
Transmutations | 1 |  1.2
Dodging        | |  1.5
Stealth        | |  1.9

Action                   || total
-------------------------++-------
Melee: Dagger            ||    22
 Cast: Sandblast         ||    13
       Passwall          ||     1
  Use: Scroll            ||     1
 Stab: Sleeping          ||     2
Armor: Robe              ||     2
Dodge: Dodged            ||    16

Table legend:
 A = Spawn XP
 B = Non-spawn XP
 C = Spawn XP percentage of total XP
 D = Spawn monster count
 E = Non-spawn monster count
 F = Spawn count percentage of total count
 G = Total turns spent on level
                    A         B        C        D         E        F      G
               +---------+---------+-------+---------+---------+-------+---------
         Total |       0 |      90 |   0.0 |       0 |      10 |   0.0 |   786
               +---------+---------+-------+---------+---------+-------+---------
           D:1 |       0 |       4 |   0.0 |       0 |       1 |   0.0 |    96
           D:2 |       0 |       2 |   0.0 |       0 |       1 |   0.0 |    61
           D:3 |       0 |       9 |   0.0 |       0 |       3 |   0.0 |    69
           D:4 |       0 |      75 |   0.0 |       0 |       5 |   0.0 |   560
               +---------+---------+-------+---------+---------+-------+---------
